 Dungeon Crawl Stone Soup version 0.28-a0-653-g7e9dba17c3 (webtiles) character file.

Game seed: 10271668109895422679

225 meatgazer the Cutter (level 6, -5/50 HPs)
             Began as a Gnoll Wanderer on Oct 6, 2021.
             Killed by divine providence
             ... invoked by an orc priest
              (13 damage)
             ... on level 3 of the Dungeon on Oct 11, 2021.
             The game lasted 00:05:26 (4016 turns).

meatgazer the Cutter (Gnoll Wanderer)               Turns: 4016, Time: 00:05:26

Health: -5/50      AC:  4    Str: 13    XL:     6   Next: 1%
Magic:  8/8        EV: 12    Int:  9    God:
Gold:   49         SH:  0    Dex: 14    Spells: 8/8 levels left

rFire   + + .      SeeInvis .   a - +2 short sword
rCold   . . .      Faith    .   (no shield)
rNeg    . . .      Spirit   .   h - +0 robe {rF+}
rPois   .          Reflect  .   k - +1 helmet
rElec   .          Harm     .   (no cloak)
rCorr   +          Rampage  .   (no gloves)
Will    .....                   (no boots)
Stlth   ++........              (no amulet)
HPRegen 0.16/turn               g - ring of resist corrosion
MPRegen 0.11/turn               (no ring)

@: no status effects
A: fangs 1, strong nose, distributed training, fire resistance 1, noise
suppression
a: no special abilities


You were on level 3 of the Dungeon.
You visited 1 branch of the dungeon, and saw 3 of its levels.

You collected 49 gold pieces.

Inventory:

Hand Weapons
 a - a +2 short sword (weapon)
Armour
 h - a +0 robe of fire resistance (worn)
 k - a +1 helmet (worn)
Jewellery
 g - a ring of resist corrosion (left hand)
Scrolls
 f - 2 scrolls of immolation
Potions
 b - 2 potions of curing
 c - a potion of brilliance {unknown}
 e - a potion of flight
 i - 2 potions of degeneration {unknown}


   Skills:
 + Level 4.9 Fighting
 + Level 6.7 Short Blades
 + Level 1.7 Long Blades
 + Level 1.7 Axes
 + Level 4.9 Maces & Flails
 + Level 1.7 Polearms
 + Level 1.7 Staves
 + Level 1.7 Slings
 + Level 1.7 Bows
 + Level 1.7 Crossbows
 + Level 1.7 Throwing
 + Level 3.1 Armour
 + Level 1.7 Dodging
 + Level 1.7 Stealth
 + Level 3.1 Shields
 + Level 1.7 Unarmed Combat
 + Level 1.7 Spellcasting
 + Level 1.3 Conjurations
 + Level 1.3 Hexes
 + Level 1.3 Summonings
 + Level 1.3 Necromancy
 + Level 1.3 Translocations
 + Level 1.3 Transmutations
 + Level 1.3 Fire Magic
 + Level 1.3 Ice Magic
 + Level 1.3 Air Magic
 + Level 1.3 Earth Magic
 + Level 1.3 Poison Magic
 + Level 2.0 Invocations
 + Level 3.1 Evocations


You had 8 spell levels left.
You didn't know any spells.
Your spell library was empty.

Dungeon Overview and Level Annotations

Branches:
Dungeon (3/15)

Altars:

Shops:
D:1 *


Innate Abilities, Weirdness & Mutations

You have very sharp teeth.
Your uncanny sense of smell can sniff out nearby items.
Your experience applies equally to all skills.
Your flesh is heat resistant. (rF+)
You passively dampen the noise of your surroundings.


Message History

Increase (S)trength, (I)ntelligence, or (D)exterity?
You feel stronger.
You closely miss the orc. The orc hits you with a +0 mace!
* * * LOW HITPOINT WARNING * * *
You hit the orc.
The orc is heavily wounded.
The orc hits you with a +0 mace!
* * * LOW HITPOINT WARNING * * *
You hit the orc.
The orc is almost dead.
The orc priest looks satisfied for a moment.
You hit the orc but do no damage.
The orc is almost dead.
The orc barely misses you.
You hit the orc but do no damage.
The orc is almost dead.
The orc hits you but does no damage.
You hit the orc but do no damage.
The orc is almost dead.
The orc closely misses you.
You hit the orc.
You kill the orc!
Your Invocations skill increases to level 2!
You hit the orc priest but do no damage.
The orc priest hits you with a +0 dagger.
* * * LOW HITPOINT WARNING * * *
You hit the orc priest but do no damage.
Your bite misses the orc priest. The orc priest barely misses you.
You barely miss the orc priest. You barely miss the orc priest.
Your bite misses the orc priest.
The orc priest hits you but does no damage.
You puncture the orc priest!
The orc priest is heavily wounded.
The orc priest looks satisfied for a moment.
You hit the orc priest.
You punch the orc priest, but do no damage.
The orc priest is severely wounded.
The orc priest mumbles some strange prayers to Beogh against you.
Beogh smites you!
You die...

# .## ### ##. ..# ...# #.#
....##.# ### o......###.##
S..##.......# #
...#........#######..##.
..............oo@.......
$.......>.....###.##...#
....#.####.....##..# #
...##.###..)....##.#
................##.###. ## .
......................#. .. ...
........)............... .###...
.######..>.............##........
...####.........................#


You could see an orc priest and an orc.

Vanquished Creatures
  Jessica (D:2)
  Natasha (thrice) (D:2)
  Robin (D:3)
  3 adders (D:2)
  A worm (D:2)
  A dart slug (D:2)
  8 orcs
  4 endoplasms
  14 goblins
  8 hobgoblins
  4 jackals (D:1)
  2 quokkas
  7 ball pythons
  7 bats
  A frilled lizard (D:2)
  5 kobolds
  4 rats
74 creatures vanquished.

Notes
Turn   | Place    | Note
-------+----------+-------------------------------------------
     0 | D:1      | meatgazer the Gnoll Wanderer began the quest for the Orb.
     0 | D:1      | meatgazer set off with the following items: a +2 short
                  | sword, a potion of curing, a potion of lignification, a +0
                  | robe
     0 | D:1      | Reached XP level 1. HP: 20/20 MP: 1/1
    16 | D:1      | Upgraded the game from 0.28-a0-620-g539b0f7ac7 to
                  | 0.28-a0-653-g7e9dba17c3
   140 | D:1      | Found Celuk's General Store.
   178 | D:1      | Reached XP level 2. HP: 26/26 MP: 2/2
  1012 | D:2      | Noticed Natasha
  1019 | D:2      | Killed Natasha
  1020 | D:2      | Reached skill level 1 in Invocations
  1020 | D:2      | Reached XP level 3. HP: 17/31 MP: 2/4
  1049 | D:2      | Noticed Natasha
  1053 | D:2      | Gained mutation: You passively dampen the noise of your
                  | surroundings. [potion of mutation]
  1053 | D:2      | Gained mutation: Your flesh is heat resistant. (rF+)
                  | [potion of mutation]
  1061 | D:2      | Killed Natasha
  1062 | D:2      | Reached skill level 1 in Long Blades
  1062 | D:2      | Reached skill level 1 in Axes
  1062 | D:2      | Reached skill level 1 in Polearms
  1062 | D:2      | Reached skill level 1 in Staves
  1062 | D:2      | Reached skill level 1 in Slings
  1062 | D:2      | Reached skill level 1 in Bows
  1062 | D:2      | Reached skill level 1 in Crossbows
  1062 | D:2      | Reached skill level 1 in Throwing
  1062 | D:2      | Reached skill level 1 in Dodging
  1062 | D:2      | Reached skill level 1 in Stealth
  1062 | D:2      | Reached skill level 1 in Unarmed Combat
  1062 | D:2      | Reached skill level 1 in Spellcasting
  1062 | D:2      | Reached XP level 4. HP: 20/38 MP: 5/5
  1721 | D:2      | Reached skill level 1 in Conjurations
  1721 | D:2      | Reached skill level 1 in Hexes
  1721 | D:2      | Reached skill level 1 in Summonings
  1721 | D:2      | Reached skill level 1 in Necromancy
  1721 | D:2      | Reached skill level 1 in Translocations
  1721 | D:2      | Reached skill level 1 in Transmutations
  1721 | D:2      | Reached skill level 1 in Fire Magic
  1721 | D:2      | Reached skill level 1 in Ice Magic
  1721 | D:2      | Reached skill level 1 in Air Magic
  1721 | D:2      | Reached skill level 1 in Earth Magic
  1721 | D:2      | Reached skill level 1 in Poison Magic
  2063 | D:2      | Noticed Natasha
  2070 | D:2      | Killed Natasha
  2071 | D:2      | Reached XP level 5. HP: 24/43 MP: 5/7
  2217 | D:2      | Noticed Jessica
  2225 | D:2      | Killed Jessica
  3321 | D:3      | Noticed Robin
  3378 | D:3      | Killed Robin
  4003 | D:3      | Reached XP level 6. HP: 22/50 MP: 8/8
  4016 | D:3      | Killed from afar by an orc priest

Illustrated notes

Levels and vault maps discovered:
D:1:      amcnicky_arrival_single_pillar, layout_basic, serial_shops,
          nicolae_shop_crystal, hangedman_decor_points,
          minmay_misc_feat_hallway, corexii_leaking_fountain
D:2:      minmay_kobold_bridge, layout_loops_cross,
          chequers_serial_rivers_micro_c, minmay_ruptured, uniq_natasha,
          uniq_jessica
D:3:      layout_rooms, grunt_temple_overflow_order_and_chaos_1,
          minmay_checkerbox, uniq_robin

Skill      XL: |  1  2  3  4  5  6 |
---------------+-------------------+-----
Invocations    | 1 2 |  2.0
Long Blades    | 1 |  1.7
Axes           | 1 |  1.7
Polearms       | 1 |  1.7
Staves         | 1 |  1.7
Slings         | 1 |  1.7
Bows           | 1 |  1.7
Crossbows      | 1 |  1.7
Throwing       | 1 |  1.7
Dodging        | 1 |  1.7
Stealth        | 1 |  1.7
Unarmed Combat | 1 |  1.7
Spellcasting   | 1 |  1.7
Conjurations   | 1 |  1.3
Hexes          | 1 |  1.3
Summonings     | 1 |  1.3
Necromancy     | 1 |  1.3
Translocations | 1 |  1.3
Transmutations | 1 |  1.3
Fire Magic     | 1 |  1.3
Ice Magic      | 1 |  1.3
Air Magic      | 1 |  1.3
Earth Magic    | 1 |  1.3
Poison Magic   | 1 |  1.3
Armour         | 3 |  3.1
Shields        | 3 |  3.1
Evocations     | 3 |  3.1
Fighting       | |  4.9
Short Blades   | |  6.7
Maces & Flails | |  4.9

Action                   |  1- 3 |  4- 6 || total
-------------------------+-------+-------++-------
Melee: Short sword       |    52 |   171 ||   223
       Bite              |     2 |    11 ||    13
       Punch             |       |     1 ||     1
  Use: Scroll            |     1 |     6 ||     7
       Potion            |     2 |       ||     2
 Stab: Sleeping          |     2 |     6 ||     8
       Distracted        |       |     1 ||     1
Armor: Robe              |     7 |    22 ||    29
       Skin              |     7 |       ||     7
Dodge: Dodged            |    30 |    85 ||   115

Table legend: (Time is in decaauts)
 A = Elapsed time spent in this place.
 B = Non-inter-level travel time spent in this place.
 C = Inter-level travel time spent in this place.
 D = Time resting spent in this place.
 E = Time spent auto-exploring this place.
 F = Levels seen in this place.
 G = Mean time per level.
                   A        B        C        D        E       F      G
               +--------+--------+--------+--------+--------+-----+--------+
         Total |   3966 |   3769 |    197 |   1550 |   1766 |   3 | 1322.0 |
       Dungeon |   3966 |   3769 |    197 |   1550 |   1766 |   3 | 1322.0 |
               +--------+--------+--------+--------+--------+-----+--------+

Top non-repeatable levels by time:
     D:2: 2120 daAuts
     D:1: 1004 daAuts
     D:3: 841 daAuts
